AoeStats
← Dodes

Northern Isles

510618247Analyzed
1v1 RM · 1d ago on Oct 1, 2026· 36m 41s· 2 players
Game mode
Random Map
Map size
Tiny (2 player)
Population
200
Speed
Normal
Resources
Standard
Victory
Conquest
Starting age
Dark Age
Ending age
Imperial Age
RankedLock teamsTeams togetherTeam positionsShared explorationLock speedFull tech treeHidden civsTurbo modeCheats
Victory
Defeat
🇦🇷 Burgundians · Argentina
696
+32
🇧🇷 Huns · Brazil
726
-17
kristyan_33
7:35 Double-Bit Axe
10:28 Feudal Age
9:54 Loom
10:03 Fishing Lines
12:17 Gillnets
12:41 Bow Saw
14:10 Gold Mining
14:12 Stone Mining
16:26 Wheelbarrow
20:13 Gold Shaft Mining
20:17 Stone Shaft Mining
23:37 Castle Age
22:03 Scale Mail Armor
24:39 Hand Cart
25:07 Town Watch
31:01 Medium Warships
31:01 Scale Barding Armor
35:52 Cavalier
Dodes
0:27 Loom
10:40 Feudal Age
14:30 Horse Collar
15:19 Double-Bit Axe
16:30 Bloodlines
16:56 Gold Mining
18:55 Forging
22:56 Scale Barding Armor
26:11 Castle Age
24:17 Scale Mail Armor
24:18 Padded Archer Armor
24:08 Fletching
24:15 Stone Mining
29:16 Gold Shaft Mining
29:08 Bow Saw
29:17 Light Cavalry
29:57 Husbandry
32:24 Wheelbarrow
31:34 Town Watch
31:38 Man-at-Arms
32:18 Squires
33:32 Pikeman
Connection lost

Rejoining the realm…

Still unreachable

The connection could not be restored.

Session expired

The server has moved on; the page needs a fresh start.